 Dungeon Crawl Stone Soup version 0.26-a0-662-g8b9c6dab81 (webtiles) character file.

Game seed: 16316040688143437314

2333 Crabhammer the Digger (level 9, -1/79 HPs)
             Began as a Naga Earth Elementalist on Oct 9, 2020.
             Was a Priest of Cheibriados.
             Slain by an orc warrior
             ... wielding a +0 battleaxe
              (5 damage)
             ... on level 7 of the Dungeon on Oct 10, 2020.
             The game lasted 00:52:16 (7065 turns).

Crabhammer the Digger (Naga Earth Elementalist)     Turns: 7065, Time: 00:52:16

Health: -1/79      AC:  6    Str: 18    XL:     9   Next: 42%
Magic:  1/18       EV: 10    Int: 30    God:    Cheibriados [***...]
Gold:   376        SH:  0    Dex: 17    Spells: 11/22 levels left

rFire    . . .     SeeInvis +   o - +0 dagger (elec)
rCold    . . .     Faith    .   (no shield)
rNeg     . . .     Spirit   .   s - +1 leather armour
rPois    +         Reflect  .   (no helmet)
rElec    .         Harm     .   v - +0 cloak
rCorr    .         Rampage  .   (no gloves)
MR       +....                  (no barding)
Stlth    ++........             (no amulet)
HPRegen  0.23/turn              g - +4 ring of slaying
MPRegen  0.16/turn              t - +6 ring of intelligence

@: very slow
A: large, see invisible, blink, deformed body, low mp 1, mutation resistance 1,
poison resistance, robust 1, slowness 2, spit poison 1, AC +3
a: Spit Poison, Blink, Bend Time, Temporal Distortion, Renounce Religion


You were on level 7 of the Dungeon.
You worshipped Cheibriados.
Cheibriados was most pleased with you.
You visited 2 branches of the dungeon, and saw 8 of its levels.

You collected 376 gold pieces.

Inventory:

Hand Weapons
 a - a +1 short sword
 o - a +0 dagger of electrocution (weapon)
Missiles
 b - 17 stones (quivered)
 d - 3 throwing nets
Armour
 s - a +1 leather armour (worn)
 v - a +0 cloak (worn)
Magical Staves
 u - an uncursed staff of fire
Jewellery
 g - a +4 ring of slaying (left hand)
 t - a +6 ring of intelligence (right hand)
Wands
 c - a wand of acid (8)
Scrolls
 e - 2 scrolls of enchant weapon
 f - 8 scrolls of identify
 j - 4 scrolls of remove curse
 k - 2 scrolls of fog
 l - 2 scrolls of amnesia
 m - 3 scrolls of teleportation
 q - a scroll of immolation {unknown}
Potions
 h - a potion of magic
 i - 2 potions of resistance
 n - 2 potions of curing
 r - a potion of mutation
 w - a potion of stabbing


   Skills:
 + Level 1.6 Fighting
 + Level 2.3 Armour
 + Level 2.6 Dodging
 - Level 3.0 Stealth
 + Level 7.4 Spellcasting
 + Level 4.0 Conjurations
 + Level 1.0 Transmutations
 + Level 7.6 Earth Magic
 * Level 0.8 Invocations


You had 11 spell levels left.
You knew the following spells:

 Your Spells              Type           Power        Failure   Level
a - Sandblast             Erth           ######       1%          1
b - Passwall              Tmut/Erth      #####...     1%          2
c - Stone Arrow           Conj/Erth      #####.       1%          3
d - Lee's Rapid Deconstr  Erth           ######....   6%          5

Your spell library contained the following spells:

 Spells                   Type           Power        Failure   Level
 Summon Small Mammal      Summ           ##..         5%          1
 Call Imp                 Summ           ##......     9%          2
 Petrify                  Tmut/Erth      #####...     9%          4
 Call Canine Familiar     Summ           ##......     16%         3
 Summon Guardian Golem    Hex/Summ       ##......     16%         3
 Summon Ice Beast         Ice/Summ       ##......     47%         4
 Summon Lightning Spire   Summ/Air       ##......     47%         4


Dungeon Overview and Level Annotations

Branches:
Dungeon (6/15)             Temple (1/1) D:5

Altars:
Ashenzari
Cheibriados
Dithmenos
Fedhas
Gozag
Hepliaklqana
Kikubaaqudgha
Makhleb
Nemelex Xobeh
Qazlal
Ru
Sif Muna
Trog
Vehumet
Wu Jian
Xom
Zin
The Shining One

Shops:
D:6 :


Innate Abilities, Weirdness & Mutations

You cannot wear boots.
Your serpentine skin is tough. (AC +3)
You have supernaturally acute eyesight. (SInv)
Armour fits poorly on your strangely shaped body.
Your system is resistant to poisons. (rPois)
You cover ground very slowly.
You can spit poison.
You can translocate small distances at will.
Your magical capacity is low. (-10% MP)
You are somewhat resistant to further mutation.
You are robust. (+10% HP)


Message History

* * * LOW HITPOINT WARNING * * *
You hit the orc warrior but do no damage.
The orc warrior is severely wounded.
A nearby fungus withers and dies.
The ogre hits the plant with a +0 giant club!
Something hits the plant!
The orc hits something with a +1 short sword of protection.
The orc warrior hits the plant with a +0 glaive!!
The orc warrior misses you.
You closely miss the orc warrior.
The orc warrior is severely wounded.
The orc hits you but does no damage.
The ogre hits the plant with a +0 giant club!
The orc warrior hits the plant with a +0 glaive!!
Unknown command.
You closely miss the orc warrior.
The orc warrior is severely wounded.
A nearby plant withers and dies.
The ogre closely misses you.
The orc warrior hits you with a +0 battleaxe.
You die...

#......).. ##.......#
######..# ##.. #####.
##.#... . #.....#
≈##.##♣♣♣♣#######.# ##.####
#≈≈###.♣.♣.♣#o@O..# ##..#
#≈≈....P♣.♣..o####.#
###...# #≈≈......O.PP##
##....##
#≈≈≈.P.....o#########...###
#≈≈≈...........'..['..###
#≈≈≈....)......'...#.>#
#≈≈......[)....#...####
#≈≈......).....#####...
#≈≈....####....o.o.....


You could see 2 orc warriors, 2 ogres and an orc.

Vanquished Creatures
  Edmund (D:5)
  An ice beast (D:6)
  A necrophage (D:7)
  An ogre (D:7)
  4 centaurs
  A big kobold (D:7)
  A bullfrog (D:7)
  A wyvern zombie (D:7)
  2 scorpions
  3 killer bees (D:7)
  A howler monkey (D:5)
  A bullfrog zombie (D:5)
  6 gnoll shamans
  2 hounds
  3 orc priests
  2 centaur skeletons (D:7)
  An iguana (D:4)
  Natasha (thrice) (D:3)
  6 orc wizards
  5 worker ants
  A worker ant zombie (D:5)
  14 gnolls
  7 adders
  A shadow imp (D:7)
  A white imp (D:5)
  2 oozes
  2 adder zombies
  3 worms
  2 dart slugs (D:1)
  7 leopard geckos
  17 orcs
  A ball python (D:4)
  4 giant cockroaches
  10 goblins
  11 hobgoblins
  17 jackals
  6 quokkas
  16 bats
  4 frilled lizards
  5 kobolds
  3 quokka skeletons
  9 rats
189 creatures vanquished.

Vanquished Creatures (others)
  An adder (D:4)
  A fungus (D:7)
  5 plants (D:7)
7 creatures vanquished.

Grand Total: 196 creatures vanquished

Notes
Turn   | Place    | Note
-------+----------+-------------------------------------------
     0 | D:1      | Crabhammer the Naga Earth Elementalist began the quest for
                  | the Orb.
     0 | D:1      | Reached XP level 1. HP: 15/15 MP: 3/3
    29 | D:1      | Found a shimmering altar of Xom.
   300 | D:1      | Reached XP level 2. HP: 22/22 MP: 3/5
   511 | D:1      | Reached XP level 3. HP: 28/28 MP: 2/6
   555 | D:1      | You fall into a shaft and drop 1 floor!
   841 | D:2      | Reached XP level 4. HP: 36/36 MP: 4/8
   889 | D:2      | Learned a level 2 spell: Passwall
   893 | D:2      | Learned a level 3 spell: Stone Arrow
  1275 | D:2      | Found a blossoming altar of Fedhas.
  1279 | D:2      | Reached XP level 5. HP: 42/42 MP: 7/9
  1572 | D:2      | Found a glowing silver altar of Zin.
  1765 | D:3      | Found a glowing golden altar of the Shining One.
  1766 | D:3      | Noticed Natasha
  1773 | D:3      | Killed Natasha
  2160 | D:3      | Reached XP level 6. HP: 49/49 MP: 5/11
  2222 | D:3      | Noticed Natasha
  2225 | D:3      | Killed Natasha
  2293 | D:3      | Noticed Natasha
  2296 | D:3      | Killed Natasha
  2296 | D:3      | Reached skill level 5 in Earth Magic
  2349 | D:3      | Found a bloodstained altar of Trog.
  3786 | D:4      | Gained mutation: Your body sometimes deteriorates upon
                  | taking damage. [potion of mutation]
  3786 | D:4      | Gained mutation: You are weak. (Str -2) [potion of
                  | mutation]
  3786 | D:4      | Gained mutation: You are robust. (+10% HP) [potion of
                  | mutation]
  3787 | D:4      | Lost mutation: Your body sometimes deteriorates upon taking
                  | damage. [potion of mutation]
  3787 | D:4      | Lost mutation: You are weak. (Str -2) [potion of mutation]
  3787 | D:4      | Gained mutation: You can translocate small distances at
                  | will. [potion of mutation]
  3787 | D:4      | Gained mutation: Your magical capacity is low. (-10% MP)
                  | [potion of mutation]
  3787 | D:4      | Gained mutation: You are somewhat resistant to further
                  | mutation. [potion of mutation]
  3790 | D:5      | Entered Level 5 of the Dungeon
  3808 | D:5      | Reached XP level 7. HP: 60/61 MP: 8/12
  3939 | D:5      | Noticed Edmund
  3984 | D:5      | Killed Edmund
  3984 | D:5      | Reached skill level 1 in Armour
  3984 | D:5      | Reached skill level 5 in Spellcasting
  4342 | D:5      | Found a staircase to the Ecumenical Temple.
  4351 | Temple   | Entered the Ecumenical Temple
  4384 | Temple   | Became a worshipper of Cheibriados the Contemplative
  5147 | D:5      | Reached skill level 1 in Conjurations
  5352 | D:6      | Found an ornate altar of the Wu Jian Council.
  5352 | D:6      | Found a hazy altar of Hepliaklqana.
  5399 | D:6      | Reached * piety under Cheibriados
  5440 | D:6      | Found a broken altar of Ashenzari.
  5490 | D:6      | Reached XP level 8. HP: 58/69 MP: 8/14
  5659 | D:6      | Found Reasaaj's Book Boutique.
  5692 | D:6      | Reached skill level 1 in Fighting
  5983 | D:6      | You fall into a shaft and drop 1 floor!
  6227 | D:7      | Reached ** piety under Cheibriados
  6275 | D:7      | Reached XP level 9. HP: 46/77 MP: 14/17
  6907 | D:7      | Upgraded the game from 0.26-a0-661-g406de6ba63 to
                  | 0.26-a0-662-g8b9c6dab81
  6913 | D:7      | Learned a level 5 spell: Lee's Rapid Deconstruction
  7012 | D:7      | Reached *** piety under Cheibriados
  7053 | D:7      | HP: 2/79 [orc warrior/+0 battleaxe (20)]
  7062 | D:7      | HP: 3/79 [orc warrior/+0 battleaxe (3)]
  7065 | D:7      | Slain by an orc warrior

Illustrated notes

Levels and vault maps discovered:
D:1:      lightli_arrival_quake, layout_rooms, xom_teletrap_fun
D:2:      layout_loops_ring, nicolae_overflow_crystal_walls,
          lemuel_coloured_pillars_altar, minmay_bisected
D:3:      layout_basic, tso_metal_star, old_standard_altar, uniq_natasha
D:4:      layout_basic, lemuel_old_faithful
D:5:      layout_cave_pods, lemuel_temple_firewalk_b, serial_column_ruins,
          column_ruins_hut_pillars, column_ruins_grid_2,
          column_ruins_open_large, column_ruins_grid_1, column_ruins_grid_3,
          column_ruins_open_medium_water, uniq_edmund
D:6:      layout_basic, evilmike_ruin_ashenzari,
          chequers_temple_overflow_statue_of_worship, serial_shops,
          nicolae_shop_stone, small_statue_intersection
D:7:      kennysheep_seaside_town, layout_cave_pools, kennysheep_ying_yang
Temple:   minmay_temple_curvy_loop

Skill      XL: |  1  2  3  4  5  6  7  8  9 |
---------------+----------------------------+-----
Dodging        | 2 |  2.6
Spellcasting   | 3 4 5 6 7 |  7.4
Earth Magic    | 4 5 6 7 |  7.6
Armour         | 1 2 |  2.3
Conjurations   | 1 3 4 |  4.0
Fighting       | 1 |  1.6
Stealth        | |  3.0
Transmutations | |  1.0
Invocations    | |  0.8

Action                   |  1- 3 |  4- 6 |  7- 9 || total
-------------------------+-------+-------+-------++-------
Melee: Unarmed           |     6 |       |       ||     6
       Short sword       |    12 |     9 |    45 ||    66
       Dagger            |     1 |       |    20 ||    21
Throw: Stone             |       |       |     1 ||     1
 Cast: Sandblast         |    27 |    69 |   123 ||   219
       Stone Arrow       |       |     4 |    14 ||    18
 Abil: Spit Poison       |    26 |    51 |    54 ||   131
  Use: Potion            |       |     9 |     3 ||    12
       Scroll            |       |     8 |     2 ||    10
 Stab: Sleeping          |     1 |       |     1 ||     2
Armor: Robe              |     4 |     9 |       ||    13
       Leather armour    |       |     2 |    29 ||    31
Dodge: Dodged            |    32 |    21 |    62 ||   115

Table legend: (Time is in decaauts)
 A = Elapsed time spent in this place.
 B = Non-inter-level travel time spent in this place.
 C = Inter-level travel time spent in this place.
 D = Time resting spent in this place.
 E = Time spent auto-exploring this place.
 F = Levels seen in this place.
 G = Mean time per level.
                   A        B        C        D        E       F      G
               +--------+--------+--------+--------+--------+-----+--------+
         Total |   9165 |   8931 |    234 |   2178 |   4313 |   8 | 1145.6 |
       Dungeon |   8815 |   8621 |    194 |   2178 |   4015 |   7 | 1259.3 |
        Temple |    350 |    310 |     40 |      0 |    297 |   1 |  350.0 |
               +--------+--------+--------+--------+--------+-----+--------+

Top non-repeatable levels by time:
     D:5: 1862 daAuts
     D:2: 1356 daAuts
     D:7: 1334 daAuts
     D:3: 1269 daAuts
     D:4: 1122 daAuts
     D:6: 961 daAuts
     D:1: 909 daAuts
  Temple: 350 daAuts
